AoeStats
← Annibale

Lombardia

509188940Analyzed
3v3 RM · 7d ago on Sep 25, 2026· 18m 7s· 6 players
Game mode
Random Map
Map size
Normal (6 player)
Population
200
Speed
Normal
Resources
Standard
Victory
Conquest
Starting age
Dark Age
Ending age
Imperial Age
RankedLock teamsTeams togetherTeam positionsShared explorationLock speedFull tech treeHidden civsTurbo modeCheats
Victory
Defeat
🇩🇪 Persians · Germany
1038
+15
🇩🇪 Teutons · Germany
1023
+16
🇩🇪 Vietnamese · Germany
1021
+16
🇵🇪 Inca · Peru
1095
-18
🇲🇽 Mongols · Mexico
1023
-16
🇫🇮 Burgundians · Finland
947
-13
FL2sh_Humor
10:41 Feudal Age
14:37 Castle Age
12:53 Double-Bit Axe
13:53 Horse Collar
16:34 Loom
16:26 Cavalier
Inquisidor
0:30 Loom
10:29 Feudal Age
11:02 Double-Bit Axe
lu23
3:16 Loom
12:54 Feudal Age
16:55 Castle Age
strater11
7:56 Loom
10:15 Feudal Age
11:12 Horse Collar
11:05 Man-at-Arms
12:02 Double-Bit Axe
13:05 Arson
19:24 Castle Age
17:53 Scale Mail Armor
Annibale
8:46 Loom
10:42 Feudal Age
17:35 Castle Age
Beta
7:37 Loom
10:32 Feudal Age
12:27 Double-Bit Axe
13:48 Wheelbarrow
19:12 Castle Age
18:00 Fletching
Connection lost

Rejoining the realm…

Still unreachable

The connection could not be restored.

Session expired

The server has moved on; the page needs a fresh start.